 Dungeon Crawl Stone Soup version 0.22.0-49-gab54619674 (webtiles) character file.

92 Morbidden the Shield-Bearer (level 4, 0/36 HPs)
             Began as a Formicid Fighter on Sept 2, 2018.
             Killed by divine providence
             ... invoked by an orc priest
              (12 damage)
             ... on level 3 of the Dungeon.
             The game lasted 00:02:18 (1192 turns).

Morbidden the Shield-Bearer (Formicid Fighter)      Turns: 1192, Time: 00:02:19

Health: 0/36       AC:  6    Str: 22    XL:     4   Next: 90%
Magic:  4/4        EV:  7    Int:  7    God:
Gold:   87         SH:  9    Dex: 10    Spells: 3/3 levels left

rFire    . . .     SeeInvis +   a - +1 war axe
rCold    . . .     Gourm    .   c - +0 shield
rNeg     . . .     Faith    .   b - +0 scale mail
rPois    .         Spirit   .   (helmet unavailable)
rElec    .         Reflect  .   (no cloak)
rCorr    .         Harm     .   (no gloves)
MR       .....                  (no boots)
Stlth    ..........             (no amulet)
HPRegen  0.12/turn              (no ring)
MPRegen  0.09/turn              (no ring)

@: lethally poisoned (0 -> -14), drained
A: permanent stasis, dig shafts and tunnels, four strong arms, antennae 3
a: Dig, Shaft Self


You were on level 3 of the Dungeon.
You were not hungry.

You visited 1 branch of the dungeon, and saw 3 of its levels.

You collected 87 gold pieces.

Inventory:

Hand Weapons
 a - a +1 war axe (weapon)
Armour
 b - a +0 scale mail (worn)
 c - a +0 shield (worn)
Jewellery
 m - a cursed -2 ring of protection {unknown}
Scrolls
 e - a scroll of enchant weapon
 g - a scroll of immolation {unknown}
 h - a scroll of blinking {unknown}
 k - a scroll of remove curse {unknown}
 l - a scroll of identify {unknown}
 o - 3 scrolls of fog {unknown}
Potions
 d - a potion of might
 i - 2 potions of curing {unknown}
 j - 2 potions of degeneration {unknown}
Comestibles
 f - 5 rations
 n - a chunk of flesh


   Skills:
 + Level 3.6(2.9) Fighting
 * Level 3.9(3.2) Axes
 + Level 3.5(2.8) Armour
 + Level 4.2(3.5) Shields


You had 3 spell levels left.
You didn't know any spells.
Your spell library was empty.

Dungeon Overview and Level Annotations

Branches:
Dungeon (3/15)

Altars:
Xom


Innate Abilities, Weirdness & Mutations

You cannot be hasted, slowed, berserked, paralysed or teleported.
You can dig through walls and to a lower floor.
Your four strong arms can wield two-handed weapons with a shield.
You have a pair of large antennae on your head. (SInv)


Message History

The orc barely misses you.
You closely miss the orc. The orc hits you but does no damage.
Unknown command.
You slash the orc!
You kill the orc!
The orc priest hits you but does no damage.
You are poisoned.
Unknown command.
You barely miss the orc priest.
You feel sick.
The orc priest hits you but does no damage.
You are more poisoned.
Unknown command.
You slash the orc priest!
The orc priest is severely wounded.
You feel sick.
The orc priest invokes the aid of Beogh against you.
Beogh smites you!
The orc priest mumbles some strange prayers to Beogh against you.
Beogh smites you!
You die...

### ... #.#####
#.#>..# #s#.#.#
#o#.#.# #o#.#.#
#@#.#.#
#)#.#.##########
#.#.............
#.###.#.........
#.....##.#######.#
#.######.#.......#
#.# #.#.######.
### #.#......#.
#..........


You could see an orc priest, an orc and a giant cockroach.

Vanquished Creatures
  2 adders (D:2)
  An ooze (D:1)
  2 dart slugs (D:1)
  A leopard gecko (D:1)
  6 orcs (D:3)
  4 giant cockroaches
  9 hobgoblins
  6 jackals
  5 kobolds
  6 bats
  3 frilled lizards
  5 goblins
  4 rats
54 creatures vanquished.

Notes
Turn   | Place    | Note
-------+----------+-------------------------------------------
     0 | D:1      | Morbidden the Formicid Fighter began the quest for the Orb.
     0 | D:1      | Reached XP level 1. HP: 18/18 MP: 1/1
    66 | D:1      | Reached XP level 2. HP: 20/24 MP: 2/2
   324 | D:1      | Reached XP level 3. HP: 27/29 MP: 3/3
   657 | D:2      | Reached skill level 4 in Shields
   657 | D:2      | Reached XP level 4. HP: 36/36 MP: 4/4
  1023 | D:2      | Found a shimmering altar of Xom.
  1192 | D:3      | Killed from afar by an orc priest

Skill      XL: |  1  2  3 |
---------------+----------+-----
Axes           | 3 |  3.9
Shields        | 4 |  4.2
Fighting       | |  3.6
Armour         | |  3.5

Action                   |  1- 3 |  4- 6 || total
-------------------------+-------+-------++-------
Melee: War axe           |   120 |    73 ||   193
  Use: Scroll            |       |     1 ||     1
  Eat: Chunk             |       |     1 ||     1
Armor: Scale mail        |    67 |    45 ||   112
Dodge: Dodged            |    54 |    31 ||    85
Block: Shield            |    88 |    52 ||   140
